 Dungeon Crawl Stone Soup version 0.22-a0-159-g7ce444fdad (webtiles) character file.

68 RedPan the Charmwright (level 4, -7/38 HPs)
             Began as a Gnoll Skald on Feb 10, 2018.
             Mangled by a gnoll
             ... wielding a +0 halberd
              (16 damage)
             ... on level 2 of the Dungeon.
             The game lasted 00:03:58 (1632 turns).

RedPan the Charmwright (Gnoll Skald)                Turns: 1632, Time: 00:03:59

Health: -7/38      AC:  3    Str: 14    XL:     4   Next: 19%
Magic:  3/11       EV: 14    Int: 16    God:
Gold:   137        SH:  0    Dex: 14    Spells: 4/13 levels left

rFire    . . .     SeeInvis .   e - -2 whip (curse)
rCold    . . .     Gourm    .   (no shield)
rNeg     . . .     Faith    .   b - +0 leather armour
rPois    .         Spirit   .   (no helmet)
rElec    .         Reflect  .   (no cloak)
rCorr    .         Harm     .   (no gloves)
MR       .....                  (no boots)
Stlth    +.........             (no amulet)
HPRegen  0.12/turn              (no ring)
MPRegen  0.12/turn              (no ring)

@: shrouded, infused
A: distributed training, fangs 1, strong nose
a: no special abilities


You were on level 2 of the Dungeon.
You were near starving.

You visited 1 branch of the dungeon, and saw 2 of its levels.

You collected 137 gold pieces.

Inventory:

Hand Weapons
 a - a +0 falchion
 e - a cursed -2 whip (weapon)
Armour
 b - a +0 leather armour (worn)
Potions
 f - 2 potions of invisibility {unknown}
 g - a potion of ambrosia {unknown}
 h - a potion of lignification {unknown}
 i - a potion of agility {unknown}
 j - a potion of flight {unknown}
 k - a potion of might {unknown}
 l - a potion of cancellation {unknown}
Books
 c - a book of Battle

   Spells                             Type                      Level
   a - Infusion                       Charms                       1
   b - Shroud of Golubria             Charms/Translocation         2
   c - Song of Slaying                Charms                       2
   d - Spectral Weapon                Hexes/Charms                 3
   e - Regeneration                   Charms/Necromancy            3
Comestibles
 d - 3 rations


   Skills:
 + Level 4.6 Fighting
 + Level 1.0 Short Blades
 + Level 4.6 Long Blades
 + Level 1.0 Axes
 + Level 1.0 Maces & Flails
 + Level 1.0 Polearms
 + Level 1.0 Staves
 + Level 1.0 Slings
 + Level 1.0 Bows
 + Level 1.0 Crossbows
 + Level 1.0 Throwing
 + Level 2.7 Armour
 + Level 4.6 Dodging
 + Level 1.0 Stealth
 + Level 1.0 Shields
 + Level 1.0 Unarmed Combat
 + Level 5.0 Spellcasting
 + Level 0.8 Conjurations
 + Level 0.8 Hexes
 + Level 5.4 Charms
 + Level 0.8 Summonings
 + Level 0.8 Necromancy
 + Level 0.8 Translocations
 + Level 0.8 Transmutations
 + Level 0.8 Fire Magic
 + Level 0.8 Ice Magic
 + Level 0.8 Air Magic
 + Level 0.8 Earth Magic
 + Level 0.8 Poison Magic
 + Level 1.1 Invocations
 + Level 1.0 Evocations


You had 4 spell levels left.
You knew the following spells:

 Your Spells              Type           Power        Failure   Level  Hunger
a - Infusion              Chrm           ###.         1%          1    None
b - Shroud of Golubria    Chrm/Tloc      ##........   8%          2    #......
c - Regeneration          Chrm/Necr      ##........   16%         3    ###....
d - Spectral Weapon       Hex/Chrm       ##......     16%         3    ###....


Dungeon Overview and Level Annotations

Branches:
Dungeon (2/15)

Altars:


Innate Abilities, Weirdness & Mutations

Your experience applies equally to all skills.
You have very sharp teeth.
Your uncanny sense of smell can sniff out nearby items.


Message History

You hit the gnoll but do no damage. You bite the gnoll, but do no damage.
Your spectral weapon completely misses the gnoll.
You hit the gnoll but do no damage.
Your spectral weapon hits the gnoll but does no damage.
The gnoll barely misses you.
You barely miss the gnoll.
Your spectral weapon hits the gnoll but does no damage.
The gnoll misses you.
You hit the gnoll but do no damage. You bite the gnoll, but do no damage.
Your spectral weapon hits the gnoll but does no damage.
The gnoll misses you.
You hit the gnoll.
The gnoll is lightly wounded.
Your spectral weapon barely misses the gnoll.
Your shroud bends the gnoll's attack away.
You hit the gnoll but do no damage.
The gnoll is lightly wounded.
Your spectral weapon hits the gnoll but does no damage.
The gnoll hits you with a halberd!
You die...

............##........
.....................#
....................#
..#..).............#
###.###...........
##...# #...........
##.)#####...........
##......###.####.....
#...@(..###.## #.#..#
#....g........###...##
#..........#............
...##......#.#....#.....
.#. ##.......#........##
# ##............K#.#.# ∆
..(.........÷..#.#.##
.........#....g.....
##...##..#...g......


You could see a gnoll and a friendly spectral enchanted whip.

Vanquished Creatures
  2 gnolls (D:2)
  An adder (D:2)
  2 dart slugs (D:2)
  A leopard gecko (D:2)
  7 bats
  A giant cockroach (D:2)
  A goblin (D:2)
  A hobgoblin (D:1)
  4 jackals (D:1)
  9 kobolds
  3 frilled lizards (D:2)
  4 rats
36 creatures vanquished.

Notes
Turn   | Place    | Note
-------+----------+-------------------------------------------
     0 | D:1      | RedPan the Gnoll Skald began the quest for the Orb.
     0 | D:1      | Reached XP level 1. HP: 20/20 MP: 6/6
   148 | D:1      | Reached XP level 2. HP: 24/26 MP: 4/7
   867 | D:2      | Reached XP level 3. HP: 24/31 MP: 5/9
   871 | D:2      | Learned a level 2 spell: Shroud of Golubria
   875 | D:2      | Learned a level 3 spell: Regeneration
   879 | D:2      | Learned a level 3 spell: Spectral Weapon
   893 | D:2      | Reached skill level 5 in Spellcasting
  1208 | D:2      | Reached skill level 1 in Invocations
  1233 | D:2      | Reached skill level 1 in Short Blades
  1233 | D:2      | Reached skill level 1 in Axes
  1233 | D:2      | Reached skill level 1 in Maces & Flails
  1233 | D:2      | Reached skill level 1 in Polearms
  1233 | D:2      | Reached skill level 1 in Staves
  1233 | D:2      | Reached skill level 1 in Slings
  1233 | D:2      | Reached skill level 1 in Bows
  1233 | D:2      | Reached skill level 1 in Crossbows
  1233 | D:2      | Reached skill level 1 in Throwing
  1233 | D:2      | Reached skill level 1 in Stealth
  1233 | D:2      | Reached skill level 1 in Shields
  1233 | D:2      | Reached skill level 1 in Unarmed Combat
  1233 | D:2      | Reached skill level 1 in Evocations
  1571 | D:2      | Reached XP level 4. HP: 26/38 MP: 7/11
  1632 | D:2      | Mangled by a gnoll

Vault maps used:
D:1:      arrival_zaba_pyramid, serial_bayou_pond_e

Skill      XL: |  1  2  3 |
---------------+----------+-----
Spellcasting   | 5 |  5.0
Invocations    | 1 |  1.1
Short Blades   | 1 |  1.0
Axes           | 1 |  1.0
Maces & Flails | 1 |  1.0
Polearms       | 1 |  1.0
Staves         | 1 |  1.0
Slings         | 1 |  1.0
Bows           | 1 |  1.0
Crossbows      | 1 |  1.0
Throwing       | 1 |  1.0
Stealth        | 1 |  1.0
Shields        | 1 |  1.0
Unarmed Combat | 1 |  1.0
Evocations     | 1 |  1.0
Fighting       | |  4.6
Long Blades    | |  4.6
Armour         | |  2.7
Dodging        | |  4.6
Conjurations   | |  0.8
Hexes          | |  0.8
Charms         | |  5.4
Summonings     | |  0.8
Necromancy     | |  0.8
Translocations | |  0.8
Transmutations | |  0.8
Fire Magic     | |  0.8
Ice Magic      | |  0.8
Air Magic      | |  0.8
Earth Magic    | |  0.8
Poison Magic   | |  0.8

Action                   |  1- 3 |  4- 6 || total
-------------------------+-------+-------++-------
Melee: Whip              |   135 |    12 ||   147
       Falchion          |     6 |       ||     6
       Bite              |    16 |     2 ||    18
 Cast: Infusion          |    11 |     1 ||    12
       Shroud of Golubri |       |     1 ||     1
       Spectral Weapon   |       |     1 ||     1
  Use: Scroll            |     1 |       ||     1
  Eat: Chunk             |     1 |       ||     1
Armor: Leather armour    |    33 |       ||    33
Dodge: Dodged            |   132 |    14 ||   146
       Rpst.: Falchion   |     5 |       ||     5

Table legend:
 A = Spawn XP
 B = Non-spawn XP
 C = Spawn XP percentage of total XP
 D = Spawn monster count
 E = Non-spawn monster count
 F = Spawn count percentage of total count
 G = Total turns spent on level
                    A         B        C        D         E        F      G
               +---------+---------+-------+---------+---------+-------+---------
         Total |       0 |      98 |   0.0 |       0 |      36 |   0.0 |  1632
               +---------+---------+-------+---------+---------+-------+---------
           D:1 |       0 |      29 |   0.0 |       0 |      18 |   0.0 |  1129
           D:2 |       0 |      69 |   0.0 |       0 |      18 |   0.0 |   503
               +---------+---------+-------+---------+---------+-------+---------
